 Dungeon Crawl Stone Soup version 0.28.0-43-g3370ac3207 (webtiles) character file.

Game seed: 15256809240007934330

52235 Araneus the Basher (level 14, -5/110 HPs)
             Began as a Demonspawn Fighter on Mar 14, 2022.
             Was the Champion of Okawaru.
             Drowned by a water elemental (6 damage)
             ... on level 1 of the Shoals on Mar 15, 2022.
             The game lasted 00:42:08 (16799 turns).

Araneus the Basher (Demonspawn Fighter)            Turns: 16799, Time: 00:42:08

Health: -5/110     AC: 28    Str: 31    XL:     14   Next: 26%
Magic:  0/20       EV:  7    Int: 11    God:    Okawaru [******]
Gold:   431        SH: 18    Dex: 14    Spells: 13/13 levels left

rFire   . . .      SeeInvis .   s - +4 morningstar (protect)
rCold   . . .      Faith    .   c - +0 buckler
rNeg    . . .      Spirit   +   o - +0 plate armour
rPois   .          Reflect  .   d - +3 helmet "Fecuuh" {Str+4}
rElec   +          Harm     .   w - +2 cloak of Too Many Cooks {Dex+2}
rCorr   .          Rampage  .   (no gloves)
Will    +....                   (no boots)
Stlth   ..........              E - amulet of the Middle {Spirit rElec}
HPRegen 0.28/turn               a - +6 ring of strength
MPRegen 0.17/turn               C - +4 ring of slaying

@: mighty, engulfed (cannot breathe), under a protective aura, hasted, very
quick
A: claws 1, large bone plates 3, (demonic guardian 2), condensation shield
a: Renounce Religion, Heroism, Finesse, Duel


You were on level 1 of the Shoals.
You worshipped Okawaru.
Okawaru was exalted by your worship.
You visited 5 branches of the dungeon, and saw 19 of its levels.

You collected 1003 gold pieces.
You spent 572 gold pieces at shops.

Inventory:

Hand Weapons
 s - a +4 morningstar of protection (weapon)
Armour
 c - a +0 buckler (worn)
 d - the +3 helmet "Fecuuh" (worn) {Str+4}
   (Okawaru gifted it to you on level 1 of the Lair of Beasts)

   Str:       It affects your strength (+4).
 o - a +0 plate armour (worn)
 w - the +2 cloak of Too Many Cooks (worn) {Dex+2}
   (Okawaru gifted it to you on level 12 of the Dungeon)

   Dex:       It affects your dexterity (+2).
Jewellery
 a - a +6 ring of strength (left claw)
 C - a +4 ring of slaying (right claw)
 E - the amulet of the Middle (around neck) {Spirit rElec}
   (You bought it in a shop on level 10 of the Dungeon)

   [amulet of guardian spirit]

   It causes incoming damage to be divided between your reserves of health and
   magic.
   rElec:     It insulates you from electricity.
Wands
 f - a wand of paralysis (1)
 g - a wand of flame (9)
 i - a wand of polymorph (6)
 p - a wand of iceblast (12)
 v - a wand of mindburst (26)
 z - a wand of digging (10)
Scrolls
 b - a scroll of silence
 e - 8 scrolls of identify
 j - 3 scrolls of amnesia
 r - 2 scrolls of magic mapping
 y - a scroll of fear
 A - 2 scrolls of teleportation
Potions
 k - 2 potions of cancellation
 m - 6 potions of attraction
 q - 2 potions of mutation
 t - 3 potions of ambrosia
 u - 4 potions of brilliance
 x - 2 potions of berserk rage
 B - 2 potions of might
 D - a potion of magic


   Skills:
 * Level 10.2 Fighting
 - Level 14.0 Maces & Flails
 + Level 7.9 Armour
 + Level 9.8 Shields
 - Level 8.0 Invocations
 - Level 7.3 Evocations


You had 13 spell levels left.
You didn't know any spells.
Your spell library contained the following spells:

 Spells                   Type           Power      Damage    Failure   Level
 Shock                    Conj/Air       0%         1d3       97%         1
 Confusing Touch          Hex            0%         N/A       100%        3
 Portal Projectile        Hex/Tloc       0%         N/A       100%        3
 Swiftness                Air            0%         N/A       100%        3
 Airstrike                Air            0%         N/A       100%        4
 Leda's Liquefaction      Hex/Erth       0%         N/A       100%        4
 Yara's Violent Unravell  Hex/Tmut       0%         3d3       100%        5
 Dispersal                Tloc           0%         N/A       100%        6
 Enfeeble                 Hex            0%         N/A       100%        7
 Disjunction              Tloc           0%         N/A       100%        8
 Call Canine Familiar     Summ           Unusable   N/A       N/A         3

Dungeon Overview and Level Annotations

Branches:
Dungeon (13/15)            Temple (1/1) D:4            Lair (3/6) D:10
 Shoals (1/4) Lair:2          Orc (1/2) D:12
  Snake: Lair:2-4    Spider: Lair:2-4    Vaults: D:13-14

Altars:
Ashenzari
Cheibriados
Dithmenos
Elyvilon
Fedhas
Gozag
Hepliaklqana
Kikubaaqudgha
Makhleb
Nemelex Xobeh
Okawaru
Qazlal
Ru
Sif Muna
Trog
Uskayaw
Vehumet
Wu Jian
Xom
Yredelemnul
Zin
The Shining One
Beogh

Shops:
D:10 (=[

Portals:
Trove: D:11 (give +5 ice dragon scales)

Annotations:
D:13 exclusion: statue
Lair:2 exclusion: 2 oklob plants


Innate Abilities, Weirdness & Mutations

You have sharp fingernails.
You are completely covered in large bone plates. (SH +8)
((A demonic guardian rushes to your aid.))
A meltable shield of frost defends you. (SH +4)


Message History

* * * LOW HITPOINT WARNING * * *
You block the water elemental's attack. The merfolk barely misses you.
You sock the water elemental!
The water elemental is severely damaged.
* * * LOW HITPOINT WARNING * * *
Your lungs strain for air!
The water elemental hits you. You block the merfolk's attack.
You thump the water elemental!
You destroy the water elemental!
Okawaru accepts your kill.
* * * LOW HITPOINT WARNING * * *
Your lungs strain for air!
You block the water elemental's attack.
The merfolk hits you from afar with a +0 trident.
* * * LOW HITPOINT WARNING * * *
You slip free of the water engulfing you.
* * * LOW HITPOINT WARNING * * *
Your lungs strain for air!
You block the merfolk's attack. The water elemental hits you.
* * * LOW HITPOINT WARNING * * *
You block the merfolk's attack.
Things that are here:
a +3 rapier of draining; a +0 robe; a merfolk corpse You cannot read scrolls while unable to breathe!
You feel better.
* * * LOW HITPOINT WARNING * * *
Your lungs strain for air!
The merfolk hits you but does no damage.
You feel better.
* * * LOW HITPOINT WARNING * * *
Your lungs strain for air!
The merfolk barely misses you. You block the water elemental's attack.
You puncture the merfolk!
The merfolk is moderately wounded.
* * * LOW HITPOINT WARNING * * *
Your lungs strain for air!
You block the merfolk's attack.
You impale the merfolk!!
The merfolk is severely wounded.
You die...

#..≈≈ .......
.##...≈≈≈.......≈
......≈≈≈≈≈≈≈≈≈≈?
......≈≈≈≈≈≈≈≈≈.##.≈≈≈
.......≈....≈≈≈....≈≈≈
≈...≈.. #...≈≈≈≈..≈≈≈≈
..≈≈≈.m##...≈≈≈≈≈≈≈≈≈≈
.≈≈≈≈≈.@.....≈≈≈≈≈≈≈≈≈
.≈≈≈≈≈mE..≈≈≈≈≈≈≈≈≈≈≈≈
≈≈...≈≈)≈(≈...≈≈≈≈≈≈≈≈
≈≈...≈≈≈≈≈.###<≈≈≈≈≈≈≈
≈≈≈≈≈≈≈≈≈≈.##.≈≈≈≈≈≈≈≈
≈≈≈≈≈≈≈≈≈≈≈...≈≈≈≈≈≈≈≈
≈≈≈≈≈≈≈≈≈≈≈≈≈≈≈≈≈≈≈≈≈≈
≈≈≈≈≈≈≈≈≈≈≈≈≈≈≈≈≈≈≈≈≈≈
≈≈≈≈≈≈≈≈≈≈≈≈≈≈≈≈≈≈≈≈≈


You could see 2 merfolk and a water elemental.

Vanquished Creatures
  Gastronok (Lair:2)
  2 boulder beetles (D:12)
  A catoblepas (D:13)
  2 centaur warriors
  Erica (D:9)
  A merfolk aquamancer (Shoals:1)
  4 two-headed ogres
  A death knight (D:13)
  A skeletal warrior (D:13)
  Pikel (D:8)
  A phantasmal warrior (D:13)
  An ugly thing (D:13)
  5 elephants (Lair:2)
  Maurice (D:13)
  2 cyclopes
  A black mamba (Lair:2)
  A merfolk siren (Shoals:1)
  5 cane toads
  3 gargoyles
  A rime drake (Lair:1)
  2 freezing wraiths (D:13)
  4 komodo dragons
  3 trolls
  A hornet (D:8)
  Grinder (D:3)
  Prince Ribbit (D:5)
  Sigmund (D:2)
  A shadow (D:9)
  2 wraiths
  18 yaks
  2 basilisks (Lair:1)
  A vampire (D:10)
  Eustachio (D:4)
  2 water elementals (Shoals:1)
  8 wyverns
  3 steam dragons
  3 vampire mosquitoes (D:13)
  2 wargs
  Edmund (D:4)
  Duvessa (D:4)
  2 acid dragons (D:13)
  8 water moccasins
  Pargi (D:3)
  An ice beast (D:5)
  A necrophage (D:7)
  8 orc warriors
  A sky beast (D:5)
  4 ogres
  3 centaurs
  4 lemures (D:8)
  3 kobold brigands
  9 bullfrogs
  4 scorpions
  2 gnoll sergeants
  A wyvern skeleton (D:7)
  Dowan (D:4)
  A water moccasin skeleton (D:4)
  34 killer bees
  8 wights
  An electric eel (Lair:1)
  A howler monkey (D:7)
  A bullfrog zombie (D:6)
  2 centaur zombies
  A jelly (D:4)
  6 orc priests
  A hound (D:7)
  2 bullfrog skeletons (D:5)
  2 centaur skeletons
  7 orc wizards
  Natasha (thrice) (D:4)
  4 iguanas
  A hound skeleton (D:4)
  A howler monkey zombie (D:9)
  Robin (D:3)
  5 adders
  12 gnolls
  A shadow imp (D:8)
  2 white imps (D:6)
  2 ufetubi
  A dart slug (D:4)
  41 orcs
  4 ball pythons
  5 endoplasms
  2 giant cockroaches (D:1)
  19 goblins
  8 hobgoblins
  6 quokkas
  6 bats
  2 frilled lizards (D:3)
  24 kobolds
  4 rats
  3 butterflies
371 creatures vanquished.

Vanquished Creatures (others)
  14 fungi
  21 plants
35 creatures vanquished.

Grand Total: 406 creatures vanquished

Notes
Turn   | Place    | Note
-------+----------+-------------------------------------------
     0 | D:1      | Araneus the Demonspawn Fighter began the quest for the Orb.
     0 | D:1      | Reached XP level 1. HP: 18/18 MP: 1/1
    99 | D:1      | Reached skill level 2 in Maces & Flails
   214 | D:1      | Found a faded altar of an unknown god.
   243 | D:1      | Gained mutation: You are partially covered in large bone
                  | plates. (SH +4) [demonic ancestry]
   243 | D:1      | Reached XP level 2. HP: 14/24 MP: 2/2
   662 | D:1      | Reached skill level 3 in Maces & Flails
  1163 | D:2      | Reached XP level 3. HP: 29/29 MP: 3/3
  1295 | D:2      | Noticed Sigmund
  1301 | D:2      | Killed Sigmund
  1302 | D:2      | Reached skill level 5 in Maces & Flails
  1302 | D:2      | Reached XP level 4. HP: 25/35 MP: 4/4
  1302 | D:2      | Gained mutation: A meltable shield of frost defends you.
                  | (SH +4) [demonic ancestry]
  1302 | D:2      | Reached XP level 5. HP: 30/41 MP: 5/5
  1726 | D:3      | Noticed Grinder
  1741 | D:3      | Gained mutation: You are mostly covered in large bone
                  | plates. (SH +6) [demonic ancestry]
  1741 | D:3      | Reached XP level 6. HP: 33/47 MP: 6/6
  1748 | D:3      | Paralysed by Grinder for 7 turns
  1756 | D:3      | Killed Grinder
  1757 | D:3      | Reached skill level 6 in Maces & Flails
  2096 | D:3      | Noticed Pargi
  2116 | D:3      | Killed Pargi
  2117 | D:3      | Reached skill level 7 in Maces & Flails
  2117 | D:3      | Reached XP level 7. HP: 51/52 MP: 7/7
  2162 | D:3      | Noticed Robin
  2201 | D:3      | Killed Robin
  2601 | D:4      | Noticed Edmund
  2630 | D:4      | Killed Edmund
  2631 | D:4      | Reached skill level 8 in Maces & Flails
  2685 | D:4      | Found a staircase to the Ecumenical Temple.
  2691 | Temple   | Entered the Ecumenical Temple
  2804 | Temple   | Became a worshipper of Warmaster Okawaru
  2878 | D:4      | Found a broken altar of Ashenzari.
  2878 | D:4      | Found a sparkling altar of Nemelex Xobeh.
  2970 | D:4      | Reached XP level 8. HP: 58/58 MP: 8/8
  2971 | D:4      | Noticed Natasha
  2978 | D:4      | Killed Natasha
  3027 | D:4      | You fall into a shaft and drop 3 floors!
  3027 | D:7      | Found a shadowy altar of Dithmenos.
  3047 | D:7      | Reached skill level 9 in Maces & Flails
  3223 | D:7      | Reached * piety under Okawaru
  3424 | D:6      | Reached skill level 10 in Maces & Flails
  3445 | D:6      | Found an ornate altar of the Wu Jian Council.
  3561 | D:5      | Entered Level 5 of the Dungeon
  3627 | D:4      | Noticed Natasha
  3637 | D:4      | Killed Natasha
  3669 | D:4      | Noticed Natasha
  3677 | D:4      | Killed Natasha
  3764 | D:4      | Noticed Duvessa
  3764 | D:4      | Noticed Dowan
  3785 | D:4      | Killed Duvessa
  3813 | D:4      | Killed Dowan
  3995 | D:4      | Noticed Eustachio
  4033 | D:4      | Killed Eustachio
  4033 | D:4      | Reached ** piety under Okawaru
  4104 | D:5      | Gained mutation: You have sharp fingernails. [demonic
                  | ancestry]
  4104 | D:5      | Reached XP level 9. HP: 63/63 MP: 9/9
  4135 | D:5      | Reached skill level 11 in Maces & Flails
  4559 | D:5      | Noticed Prince Ribbit
  4575 | D:5      | Killed Prince Ribbit
  5411 | D:7      | Reached skill level 12 in Maces & Flails
  5786 | D:8      | Reached *** piety under Okawaru
  5817 | D:8      | Reached skill level 1 in Invocations
  6201 | D:8      | Found a hide-covered altar of Uskayaw.
  6295 | D:8      | Noticed Pikel
  6322 | D:8      | Killed Pikel
  6539 | D:8      | Reached **** piety under Okawaru
  6540 | D:8      | Gained mutation: A weak demonic guardian rushes to your
                  | aid. [demonic ancestry]
  6540 | D:8      | Reached XP level 10. HP: 55/70 MP: 9/12
  6765 | D:8      | Found a runed translucent door.
  7375 | D:9      | Noticed Erica
  7385 | D:9      | Killed Erica
  7385 | D:9      | Reached ***** piety under Okawaru
  7386 | D:9      | Reached skill level 13 in Maces & Flails
  7827 | D:9      | Reached skill level 5 in Invocations
  8285 | D:10     | Entered Level 10 of the Dungeon
  8292 | D:10     | Identified the +1 robe of Lopn {rC+} (Okawaru gifted it to
                  | you on level 10 of the Dungeon)
  8292 | D:10     | Received a gift from Okawaru
  8371 | D:10     | Noticed a two-headed ogre
  8376 | D:10     | Killed a two-headed ogre
  8402 | D:10     | Found Bisumot's Antique Armour Boutique.
  8440 | D:10     | Reached skill level 5 in Fighting
  8521 | D:10     | Found Zuular's Jewellery Boutique.
  8592 | D:10     | Gained mutation: You are completely covered in large bone
                  | plates. (SH +8) [demonic ancestry]
  8592 | D:10     | Reached XP level 11. HP: 67/79 MP: 12/15
  8738 | D:10     | Found a staircase to the Lair.
  8956 | D:10     | Reached skill level 5 in Shields
  8992 | D:10     | Found Wute Nor's Weapon Boutique.
  9418 | D:11     | Noticed a two-headed ogre
  9424 | D:11     | Killed a two-headed ogre
  9842 | D:11     | Found a portal to a secret trove of treasure.
  9976 | Lair:1   | Entered Level 1 of the Lair of Beasts
 10003 | Lair:1   | Reached skill level 14 in Maces & Flails
 10003 | Lair:1   | Reached skill level 5 in Armour
 10003 | Lair:1   | Reached skill level 1 in Evocations
 10942 | Lair:1   | Identified the +3 helmet "Fecuuh" {Str+4} (Okawaru gifted
                  | it to you on level 1 of the Lair of Beasts)
 10942 | Lair:1   | Received a gift from Okawaru
 10952 | Lair:1   | Reached ****** piety under Okawaru
 11242 | Lair:2   | Reached XP level 12. HP: 49/89 MP: 18/18
 11242 | Lair:2   | Noticed Gastronok
 11286 | Lair:2   | Killed Gastronok
 11704 | Lair:2   | Found a staircase to the Shoals.
 13173 | Shoals:1 | Entered Level 1 of the Shoals
 13314 | Lair:3   | HP: 4/91 [wyvern (21)]
 13336 | Lair:3   | HP: 4/91 [wyvern (6)]
 13466 | D:12     | Noticed a boulder beetle
 13495 | D:12     | Noticed a centaur warrior
 13702 | D:12     | Noticed a boulder beetle
 13713 | D:12     | Killed a boulder beetle
 13714 | D:12     | Reached skill level 5 in Evocations
 13782 | D:12     | Noticed a two-headed ogre
 13800 | D:12     | Killed a two-headed ogre
 13860 | D:12     | Noticed a two-headed ogre
 13877 | D:12     | Killed a centaur warrior
 13877 | D:12     | Identified the +2 cloak of Too Many Cooks {Dex+2} (Okawaru
                  | gifted it to you on level 12 of the Dungeon)
 13877 | D:12     | Received a gift from Okawaru
 13879 | D:12     | Killed a two-headed ogre
 14281 | D:12     | Found a staircase to the Orcish Mines.
 14494 | D:12     | Killed a boulder beetle
 14856 | D:13     | Noticed Maurice
 14885 | D:13     | Killed Maurice
 15216 | D:13     | Reached XP level 13. HP: 83/99 MP: 19/19
 15582 | D:13     | Found a radiant altar of Vehumet.
 15801 | D:13     | Gained mutation: A demonic guardian rushes to your aid.
                  | [demonic ancestry]
 15801 | D:13     | Reached XP level 14. HP: 109/109 MP: 20/20
 16408 | Orc:1    | Entered Level 1 of the Orcish Mines
 16424 | Orc:1    | Reached skill level 10 in Fighting
 16678 | D:10     | Bought the amulet of the Middle {Spirit rElec} for 572 gold
                  | pieces
 16795 | Shoals:1 | HP: 4/110 [drowned by a water elemental (7)]
 16798 | Shoals:1 | HP: 1/110 [drowned by a water elemental (4)]
 16799 | Shoals:1 | Drowned by a water elemental

Illustrated notes

Levels and vault maps discovered:
D:1:      wander_arrival_chamber, layout_basic,
          hellmonk_ecumenical_altar_arch_garden
D:2:      layout_basic, uniq_sigmund
D:3:      layout_rooms, zin_academy, minmay_misc_feat_cross, uniq_pargi,
          uniq_grinder, uniq_robin
D:4:      layout_cave_pools, gammafunk_temple_overflow_pools,
          minmay_temple_entry_butterflies, uniq_edmund, uniq_duvessa,
          uniq_eustachio, uniq_natasha
D:5:      layout_basic, uniq_prince_ribbit1
D:6:      layout_loops_cross, mainiacjoe_overflow_cross_hatched
D:7:      layout_cave_pods, grunt_dithmenos_smoke, serial_bayou_crossing
D:8:      layout_loops_ring, kennysheep_mini_moat, lightli_church_of_beogh,
          uniq_pikel
D:9:      layout_roguey, skrybe_limestone_x, uniq_erica
D:10:     layout_roguey, lair_entry_dummy, serial_shops,
          nicolae_shop_temple_entry_statues_fountains,
          nicolae_shop_bloodbath_and_beyond, nicolae_shop_crystal,
          minmay_misc_feat_encased
D:11:     layout_basic, nicolae_trove_entry_crystal
D:12:     layout_loops_ring, orc_0_dummy, solitary_fountain, fountainhead,
          nicolae_sextant, tso_altar
D:13:     layout_roguey, vehumet_statue, uniq_maurice
Temple:   regret_index_temple_sphere_string
Lair:1:   layout_chaotic_city, serial_bayou_ford_a, grunt_megastairs_3
Lair:2:   regret_index_harrowing_hell_hive, layout_gridlike,
          elwin_shoals_entry_rocks, lemuel_fruit_fields, uniq_gastronok
Lair:3:   layout_gridlike, grunt_megastairs_2, lemuel_fruit_tree,
          infiniplex_staircase_pool_2
Shoals:1: layout_shoals
Orc:1:    layout_caves, basic_altar, kennysheep_orc_chapel

Skill      XL: |  1  2  3  4  5  6  7  8  9 10 11 12 13 14 |
---------------+-------------------------------------------+-----
Maces & Flails | 2 3 5 7 8 10 12 13 14 | 14.0
Invocations    | 2 5 8 |  8.0
Shields        | 3 4 6 9 |  9.8
Armour         | 3 4 5 7 |  7.9
Fighting       | 5 6 8 9 10 | 10.2
Evocations     | 3 5 7 |  7.3

Action                   |  1- 3 |  4- 6 |  7- 9 | 10-12 | 13-15 || total
-------------------------+-------+-------+-------+-------+-------++-------
Melee: Whip              |    63 |    74 |   462 |       |       ||   599
       Flail             |     1 |       |    94 |    54 |       ||   149
       Morningstar       |       |       |       |   685 |    96 ||   781
Evoke: Wand              |       |       |       |    14 |       ||    14
  Use: Potion            |     1 |     2 |     3 |     5 |     7 ||    18
       Scroll            |       |       |    14 |     9 |     4 ||    27
Armor: Scale mail        |    22 |     9 |    29 |       |       ||    60
       Chain mail        |       |       |    37 |       |       ||    37
       Plate armour      |       |       |    10 |   238 |    45 ||   293
Dodge: Dodged            |    20 |    18 |    99 |   154 |    17 ||   308
Block: Buckler           |    16 |    43 |   301 |   588 |   100 ||  1048
